 Dungeon Crawl Stone Soup version 0.26-a0-259-g1effd001a9 (webtiles) character file.

Game seed: 9438397438033383079

1073 sanka the Frost Mage (level 8, -4/52 HPs)
             Began as a Barachi Ice Elementalist on July 12, 2020.
             Was an Initiate of Vehumet.
             Slain by an ice beast (6 damage)
             ... on level 5 of the Dungeon.
             The game lasted 00:10:02 (5789 turns).

sanka the Frost Mage (Barachi Ice Elementalist)     Turns: 5789, Time: 00:10:03

Health: -4/52      AC:  0    Str:  9      XL:     8   Next: 28%
Magic:  2/12       EV: 27    Int: 16      God:    Vehumet [......]
Gold:   175        SH:  0    Dex: 11 (13) Spells: 2/13 levels left

rFire    . . .     SeeInvis .   l - -2 dagger (curse)
rCold    . . .     Faith    .   (no shield)
rNeg     + . .     Spirit   .   (no armour)
rPois    .         Reflect  .   (no helmet)
rElec    .         Harm     .   (no cloak)
rCorr    .                      (no gloves)
MR       .....                  (no boots)
Stlth    ++........             b - amulet of the acrobat
HPRegen  0.17/turn              h - ring of positive energy
MPRegen  0.13/turn              (no ring)

@: can't hop, acrobat, very slightly contaminated, slow
A: +LOS, swims, dopey 1, slowness 1, strong legs 1
a: Hop, Renounce Religion


You were on level 5 of the Dungeon.
You worshipped Vehumet.
Vehumet was noncommittal.
You were not hungry.

You visited 2 branches of the dungeon, and saw 7 of its levels.

You collected 175 gold pieces.


Innate Abilities, Weirdness & Mutations

You can be seen from farther away. (+LOS)
You can swim through water.
You cover ground slowly.
You can hop short distances.
You are dopey. (Int -2)


   Skills:
 - Level 2.1 Dodging
 - Level 1.7 Stealth
 + Level 3.0 Spellcasting
 + Level 0.0 Summonings
 + Level 11.8 Ice Magic


You had 2 spell levels left.
You knew the following spells:

 Your Spells              Type           Power        Failure   Level
a - Ozocubu's Armour      Chrm/Ice       ###.....     4%          3
x - Summon Ice Beast      Ice/Summ       ###.....     17%         4
y - Frozen Ramparts       Ice            #####.       1%          3
z - Freeze                Ice            ####         1%          1

Your spell library contained the following spells:

 Spells                   Type           Power        Failure   Level
 Animate Skeleton         Necr           #.....       19%         1
 Apportation              Tloc           #.....       19%         1
 Corona                   Hex            #......      19%         1
 Summon Small Mammal      Summ           #...         19%         1
 Hailstorm                Conj/Ice       ###.....     17%         4

Inventory:

Hand Weapons
 f - a +1 hunting sling
 j - a +0 dagger of venom
 l - a cursed -2 dagger (weapon)
 o - a +0 vorpal war axe
Missiles
 e - 157 stones (quivered)
Armour
 a - a +0 robe
Jewellery
 b - an amulet of the acrobat (around neck)
 g - an uncursed ring of fire
 h - a ring of positive energy (left hand)
Scrolls
 k - 3 scrolls of fog
 m - 2 scrolls of enchant weapon
 q - a scroll of teleportation {@r4}
 r - 4 scrolls of magic mapping
 s - a scroll of remove curse {unknown}
Potions
 d - a potion of heal wounds {@q2}
 i - a potion of flight {unknown}
 n - a potion of invisibility {unknown}
 p - a potion of curing {unknown}
 t - a potion of stabbing {unknown}
Comestibles
 c - 3 rations

Dungeon Overview and Level Annotations

Branches:
Dungeon (6/15)             Temple (1/1) D:6

Altars:
Ashenzari
Cheibriados
Dithmenos
Elyvilon
Gozag
Hepliaklqana
Kikubaaqudgha
Makhleb
Nemelex Xobeh
Okawaru
Qazlal
Ru
Sif Muna
Trog
Uskayaw
Vehumet
Wu Jian
Xom
Yredelemnul
Zin
The Shining One

..... ▒...>........ ......
▒.▒▒†........ ......
▒.▒▒.........
......▒▒▒▒▒▒▒▒.▒▒▒▒▒▒▒▒▒..
...............▒
...............▒
...............▒
▒............▒
▒.▒▒......F..▒
....▒▒.....YY..▒
...............▒
.▒▒.▒▒▒▒+▒▒▒▒▒?▒ ▒ ▒.▒ ▒.▒
▒.▒ ▒.▒ ..▒


You could see an ice beast and a friendly ice beast (summoned).


Message History

Your ice beast misses the ice beast.
The ice beast misses you.
Your ice beast closely misses the ice beast.
The ice beast hits your ice beast. The ice beast freezes your ice beast.
Your ice beast hits the ice beast but does no damage.
Your ice beast hits the ice beast.
Your ice beast freezes the ice beast.
The ice beast completely resists.
The ice beast barely misses you.
Your ice beast closely misses the ice beast.
The ice beast misses you.
Your ice beast closely misses the ice beast.
You hit the ice beast but do no damage.
The ice beast is moderately wounded.
The ice beast barely misses you.
Your ice beast closely misses the ice beast.
You hit the ice beast.
The ice beast is moderately wounded.
The ice beast hits you.
* * * LOW HITPOINT WARNING * * *
The ice beast freezes you!
* * * LOW HITPOINT WARNING * * *
Your ice beast misses the ice beast.
The ice beast hits your ice beast but does no damage.
Your ice beast barely misses the ice beast.
The ice beast hits you.
* * * LOW HITPOINT WARNING * * *
The ice beast freezes you.
You die...

Action                   |  1- 3 |  4- 6 |  7- 9 || total
-------------------------+-------+-------+-------++-------
Melee: Dagger            |       |       |   106 ||   106
 Fire: Hunting sling     |    50 |    10 |       ||    60
 Cast: Freeze            |    28 |    20 |    28 ||    76
       Frozen Ramparts   |       |    11 |    10 ||    21
       Ozocubu's Armour  |       |       |     4 ||     4
       Summon Ice Beast  |       |       |     1 ||     1
 Abil: Hop               |       |       |     1 ||     1
  Use: Scroll            |       |     5 |     2 ||     7
  Eat: Ration            |     1 |     1 |     3 ||     5
Armor: Robe              |     3 |     2 |    21 ||    26
       Skin              |       |       |    14 ||    14
Dodge: Dodged            |    11 |    15 |    90 ||   116

Levels and vault maps discovered:
D:1:      nicolae_arrival_washed_ashore, layout_rooms, chequers_decorated_corner
D:2:      layout_basic, chequers_ecumenical_altar_simple_redux, corner_web_ring
D:3:      layout_basic
D:4:      layout_basic
D:5:      layout_basic, minitemple, first_ration
D:6:      layout_loops_ring, minmay_temple_entry_statues_fountains
Temple:   nicolae_temple_figure_eight

Notes
Turn   | Place    | Note
-------+----------+-------------------------------------------
     0 | D:1      | sanka the Barachi Ice Elementalist began the quest for the
                  | Orb.
     0 | D:1      | Reached XP level 1. HP: 13/13 MP: 3/3
   105 | D:1      | Reached skill level 5 in Ice Magic
   213 | D:2      | Reached XP level 2. HP: 19/19 MP: 0/5
   427 | D:2      | Found a faded altar of an unknown god.
   506 | D:2      | Became a worshipper of the Shining One
   506 | D:2      | Reached * piety under the Shining One
   935 | D:2      | Reached XP level 3. HP: 24/24 MP: 7/7
  1034 | D:3      | Reached skill level 3 in Spellcasting
  1384 | D:3      | Reached skill level 6 in Ice Magic
  1408 | D:3      | Reached XP level 4. HP: 27/30 MP: 5/8
  1999 | D:3      | Learned a level 3 spell: Frozen Ramparts
  2003 | D:3      | Learned a level 3 spell: Ozocubu's Armour
  2293 | D:4      | Reached skill level 7 in Ice Magic
  2293 | D:4      | Reached XP level 5. HP: 25/35 MP: 5/9
  2531 | D:4      | Reached skill level 8 in Ice Magic
  2531 | D:4      | Reached XP level 6. HP: 41/41 MP: 3/10
  2661 | D:4      | Reached ** piety under the Shining One
  2766 | D:4      | Reached skill level 9 in Ice Magic
  2923 | D:4      | Reached XP level 7. HP: 46/46 MP: 5/11
  3367 | D:5      | Entered Level 5 of the Dungeon
  3486 | D:5      | Reached skill level 10 in Ice Magic
  3696 | D:5      | Found a snail-covered altar of Cheibriados.
  3698 | D:5      | Found a hide-covered altar of Uskayaw.
  3699 | D:5      | Found a burning altar of Makhleb.
  3721 | D:5      | Found a basalt altar of Yredelemnul.
  3731 | D:5      | Found a hazy altar of Hepliaklqana.
  3731 | D:5      | Found an iron altar of Okawaru.
  3732 | D:5      | Found a glowing silver altar of Zin.
  3737 | D:5      | Found a bloodstained altar of Trog.
  3835 | D:6      | Got a garnet-encrusted scale mail
  3846 | D:6      | Identified the +0 scale mail of Midnight {*Contam rN+
                  | Dex+3} (You found it on level 6 of the Dungeon)
  3855 | D:6      | Gained mutation: You are dopey. (Int -2) [mutagenic glow]
  4315 | D:6      | Reached skill level 11 in Ice Magic
  4344 | D:6      | Reached XP level 8. HP: 9/52 MP: 1/12
  4661 | D:6      | Found a staircase to the Ecumenical Temple.
  4709 | Temple   | Entered the Ecumenical Temple
  4929 | Temple   | Fell from the grace of the Shining One
  4929 | Temple   | Became a worshipper of Vehumet
  5749 | D:5      | Learned a level 4 spell: Summon Ice Beast
  5787 | D:5      | HP: 4/52 [ice beast (12)]
  5789 | D:5      | Slain by an ice beast

Vanquished Creatures
  A sky beast (D:6)
  2 ogres
  A bullfrog (D:6)
  2 scorpions
  A bullfrog zombie (D:5)
  3 hounds
  A quasit (D:6)
  4 orc priests
  A centaur skeleton (D:6)
  An iguana (D:5)
  6 orc wizards (D:4)
  A worker ant (D:5)
  A worker ant zombie (D:5)
  5 adders
  An ooze (D:3)
  A worm (D:2)
  2 dart slugs (D:2)
  3 leopard geckos
  15 orcs
  A giant cockroach (D:2)
  A goblin (D:2)
  4 hobgoblins
  2 jackals (D:4)
  4 quokkas
  4 ball pythons
  A bat (D:3)
  5 frilled lizards
  4 kobolds
  A quokka skeleton (D:4)
  8 rats
87 creatures vanquished.
